Oilers vs Blackhawks
Created - December 26, 2024 at 20:39
Goals
|
| Oilers |
0 |
2 |
2 |
4 |
| Blackhawks |
0 |
0 |
2 |
2 |
|
Shots
|
| Oilers |
3 |
9 |
16 |
28 |
| Blackhawks |
6 |
7 |
15 |
28 |
|
1st period
No Goal
Penalties :
Leon Draisaitl (Edm) for Diving (Minor) at 12:45, Adrian Kempe (Chi) for Tripping (Minor) at 17:27
2nd period
1. Oilers , Connor McDavid 15 (Marcus Pettersson 16, Mitch Marner 17) at 2:36 (PP)
2. Oilers , Mitch Marner 13 (Connor McDavid 22, Jamie Benn 15) at 13:04 (PP)
Penalties :
Jakob Chychrun (Chi) for High sticking (Minor) at 2:12, Greg Stewart (Edm) for Tripping (Minor) at 3:42, Brett Lernout (Edm) for Holding (Minor) at 5:59, Thomas Chabot (Chi) for Tripping (Minor) at 12:46, Jamie McBain (Edm) for Holding (Minor) at 14:47
3rd period
3. Oilers , Tyler Johnson 13 (Brent Burns 7, Leon Draisaitl 19) at 6:55
4. Blackhawks , Adrian Kempe 8 (Erik Haula 10, Jakob Silfverberg 7) at 11:32
5. Oilers , Jamie McBain 3 (Tyler Johnson 17, Jason Robertson 5) at 13:44
6. Blackhawks , Erik Haula 6 (Jakob Silfverberg 8, Adrian Kempe 12) at 15:22 (PP)
Penalties :
Darnell Nurse (Edm) for High sticking (Minor) at 15:07
Goalie Stats
Carter Hart (Edm), 26 saves from 28 shots - (0.929), W, 12-6-3, 60:00 minutes
Cam Ward (Chi), 24 saves from 28 shots - (0.857), L, 10-4-1, 60:00 minutes
Players Stats for Oilers
Player Name G A P +/- PIM S H SB GA TA FO MP PP MP PK MP
------------------------------------------------------------------------------------
Adam Gaudette 0 0 0 2 0 3 1 1 0 0 0/0 15:56 0:54 0:00
Andrew Mangiapane 0 0 0 0 0 0 0 0 0 1 0/0 13:11 0:00 0:00
Brent Burns 0 1 1 1 0 1 0 0 0 0 0/0 14:28 1:14 1:03
Brent Seabrook 0 0 0 0 0 0 1 0 1 0 0/0 24:31 1:27 3:10
Brett Lernout 0 0 0 1 2 0 0 1 0 0 0/0 11:51 0:00 0:00
Christian Fischer 0 0 0 0 0 4 1 1 0 1 0/0 6:52 0:00 0:00
Connor McDavid 1 1 2 -1 0 1 1 0 1 0 9/18 17:04 1:47 1:46
Darnell Nurse 0 0 0 0 2 0 1 1 1 1 0/0 22:28 0:00 4:46
Frederik Gauthier 0 0 0 0 0 0 0 0 0 1 2/3 13:25 0:00 0:00
Greg Stewart 0 0 0 0 2 2 3 0 0 1 1/1 16:26 0:00 3:15
Jamie Benn 0 1 1 -1 0 1 1 0 1 0 0/0 18:22 1:47 3:40
Jamie McBain 1 0 1 0 2 2 3 1 1 1 0/0 25:09 1:14 3:55
Jason Robertson 0 1 1 0 0 0 1 0 0 0 0/0 7:16 0:00 0:07
Leon Draisaitl 0 1 1 2 2 3 1 1 1 0 0/0 18:26 0:54 1:09
Marcus Pettersson 0 1 1 0 0 3 1 2 0 1 0/0 22:35 1:27 3:28
Mitch Marner 1 1 2 -1 0 4 1 1 0 0 0/0 14:27 1:47 0:00
Noel Acciari 0 0 0 0 0 0 0 0 0 0 2/4 8:44 0:00 1:49
Tyler Johnson 1 1 2 2 0 4 1 0 0 0 14/23 20:33 0:54 4:36
Players Stats for Blackhawks
Player Name G A P +/- PIM S H SB GA TA FO MP PP MP PK MP
------------------------------------------------------------------------------------
Adrian Kempe 1 1 2 0 2 7 2 0 3 1 1/1 19:07 3:47 0:00
Andrew Ladd 0 0 0 -1 0 0 2 1 0 0 0/0 7:56 0:06 0:38
Antoine Roussel 0 0 0 0 0 2 2 0 1 1 1/1 21:40 4:18 1:19
Derek Stepan 0 0 0 0 0 3 0 1 0 0 10/25 20:42 4:18 0:40
Erik Haula 1 1 2 0 0 4 1 0 0 1 8/12 20:57 3:47 1:52
Jakob Chychrun 0 0 0 0 2 1 3 1 0 0 0/0 25:13 3:56 0:00
Jakob Silfverberg 0 2 2 0 0 0 1 0 0 0 0/0 19:05 3:47 0:00
Joe Pavelski 0 0 0 -1 0 0 3 0 0 0 0/0 7:15 0:06 0:00
Mike Amadio 0 0 0 0 0 1 0 0 0 0 0/1 11:58 0:00 0:47
Mikko Rantanen 0 0 0 0 0 2 3 1 0 1 1/4 19:45 4:18 0:00
PK Subban 0 0 0 -1 0 1 1 0 0 0 0/0 12:26 0:00 0:46
Radko Gudas 0 0 0 0 0 0 1 1 1 0 0/0 22:20 4:15 1:55
Robert Hagg 0 0 0 -1 0 2 0 0 0 0 0/0 12:26 0:00 0:46
Stefan Matteau 0 0 0 -1 0 0 0 0 0 0 0/0 6:46 0:06 0:06
Thomas Chabot 0 0 0 0 2 1 0 2 0 1 0/0 18:21 3:56 0:00
Timo Meier 0 0 0 0 0 1 0 0 0 0 0/0 11:11 0:00 0:00
Will Butcher 0 0 0 0 0 2 1 2 2 0 0/0 29:12 4:15 1:55
William Karlsson 0 0 0 0 0 1 0 0 0 1 0/5 10:56 0:00 0:00
3 Stars
1 - Tyler Johnson (Edm)
2 - Mitch Marner (Edm)
3 - Connor McDavid (Edm)
Power Play
Oilers - 2 on 3 Attempt(s) - 66.67%
Blackhawks - 1 on 5 Attempt(s) - 20.00%
Penalty Kill
Oilers - 4 on 5 Attempt(s) - 80.00%
- Score 0 goal in Penalty Kill
Blackhawks - 1 on 3 Attempt(s) - 33.33%
- Score 0 goal in Penalty Kill
Team Stat
Oilers - Hits : 17 - Faceoff Wins : 28 - Blocked Shots : 9 - Penalty Minutes : 10
Blackhawks - Hits : 20 - Faceoff Wins : 21 - Blocked Shots : 9 - Penalty Minutes : 6
Official
Referees : Pierre Lambert and Kevin Pollock
Linesman : Matt MacPherson and Trent Knorr
Game Notes
No Game Note
Finance
Level 1 -- Attendance: 5750 (95.83%) -- Ticket Income $575,000
Level 2 -- Attendance: 4640 (92.80%) -- Ticket Income $324,800
Level 3 -- Attendance: 2000 (100.00%) -- Ticket Income $80,000
Level 4 -- Attendance: 4000 (100.00%) -- Ticket Income $120,000
Luxury Box -- Attendance: 1000 (100.00%) -- Ticket Income $200,000
Game was played at the United Center.
Total Attendance: 17390 (96.61%)
Total Ticket Income: $1,299,800
Other Income: $194,970
Total Income: $1,494,770
Oilers
5 vs 5 Forward
Center Left Wing Right Wing Time % Phy DF OF
1 Tyler Johnson Leon Draisaitl Adam Gaudette 35 1 2 2
2 Connor McDavid Jamie Benn Mitch Marner 30 1 2 2
3 Frederik Gauthier Greg Stewart Andrew Mangiapane 25 1 2 2
4 Noel Acciari Jason Robertson Christian Fischer 10 1 2 2
5 vs 5 Defense
Defense Defense Time % Phy DF OF
1 Jamie McBain Brent Seabrook 40 1 2 2
2 Marcus Pettersson Darnell Nurse 30 1 2 2
3 Brent Burns Brett Lernout 20 1 2 2
4 Darnell Nurse Jamie McBain 10 1 2 2
PowerPlay Forward
Center Left Wing Right Wing Time % Phy DF OF
1 Connor McDavid Jamie Benn Mitch Marner 60 1 2 2
2 Tyler Johnson Leon Draisaitl Adam Gaudette 40 1 2 2
PowerPlay Defense
Defense Defense Time % Phy DF OF
1 Brent Seabrook Marcus Pettersson 60 1 2 2
2 Brent Burns Jamie McBain 40 1 2 2
Penalty Kill 4 Players Forward
Center Wing Time % Phy DF OF
1 Tyler Johnson Greg Stewart 60 1 4 0
2 Noel Acciari Jamie Benn 40 1 4 0
Penalty Kill 4 Players Defense
Defense Defense Time % Phy DF OF
1 Darnell Nurse Jamie McBain 60 0 5 0
2 Brent Seabrook Marcus Pettersson 40 0 5 0
Penalty Kill - 3 Players Forward
Forward Time % Phy DF OF
1 Noel Acciari 60 0 5 0
2 Tyler Johnson 40 0 5 0
Penalty Kill - 3 Players Defense
Defense Defense Time % Phy DF OF
1 Darnell Nurse Jamie McBain 60 0 5 0
2 Brent Seabrook Marcus Pettersson 40 0 5 0
4 vs 4 Forward
Center Wing Time % Phy DF OF
1 Connor McDavid Leon Draisaitl 60 1 2 2
2 Tyler Johnson Greg Stewart 40 1 2 2
4 vs 4 Defense
Defense Defense Time % Phy DF OF
1 Darnell Nurse Jamie McBain 60 1 2 2
2 Brent Seabrook Marcus Pettersson 40 1 2 2
Last Minutes Offensive
Center Left Wing Right Wing Defense Defense
Connor McDavid Leon Draisaitl Mitch Marner Darnell Nurse Jamie McBain
Last Minutes Defensive
Center Left Wing Right Wing Defense Defense
Connor McDavid Leon Draisaitl Mitch Marner Darnell Nurse Jamie McBain
Goaltenders
Starting : Carter Hart
Backup : Jaroslav Halak
Extra Forwards
Normal : Greg Stewart, Frederik Gauthier, Jamie Benn - PP : Greg Stewart, Frederik Gauthier - PK : Greg Stewart
Extra Defensemen
Normal : Marcus Pettersson, Brent Burns, Brett Lernout - PP : Marcus Pettersson - PK : Marcus Pettersson, Brent Burns
Penalty Shots
Connor McDavid, Tyler Johnson, Leon Draisaitl, Mitch Marner, Greg Stewart
Custom OT Lines Forwards
Connor McDavid, Tyler Johnson, Leon Draisaitl, Mitch Marner, Greg Stewart, Frederik Gauthier, Jamie Benn, Adam Gaudette, Noel Acciari, Christian Fischer
Custom OT Lines Defensemen
Darnell Nurse, Jamie McBain, Brent Seabrook, Marcus Pettersson, Brent Burns
Scratches
Anton Slepyshev (Healthy), Philippe Myers (Healthy)
Blackhawks
5 vs 5 Forward
Center Left Wing Right Wing Time % Phy DF OF
1 Derek Stepan Antoine Roussel Mikko Rantanen 40 1 2 2
2 Erik Haula Adrian Kempe Jakob Silfverberg 30 1 2 2
3 William Karlsson Timo Meier Mike Amadio 20 1 2 2
4 Stefan Matteau Andrew Ladd Joe Pavelski 10 1 2 2
5 vs 5 Defense
Defense Defense Time % Phy DF OF
1 Will Butcher Jakob Chychrun 40 1 2 2
2 Radko Gudas Thomas Chabot 30 1 2 2
3 PK Subban Robert Hagg 20 1 2 2
4 Radko Gudas Will Butcher 10 1 2 2
PowerPlay Forward
Center Left Wing Right Wing Time % Phy DF OF
1 Derek Stepan Antoine Roussel Mikko Rantanen 60 1 2 2
2 Erik Haula Adrian Kempe Jakob Silfverberg 40 1 2 2
PowerPlay Defense
Defense Defense Time % Phy DF OF
1 Radko Gudas Will Butcher 60 1 2 2
2 Thomas Chabot Jakob Chychrun 40 1 2 2
Penalty Kill 4 Players Forward
Center Wing Time % Phy DF OF
1 Erik Haula Antoine Roussel 60 1 2 2
2 Derek Stepan Mike Amadio 40 1 2 2
Penalty Kill 4 Players Defense
Defense Defense Time % Phy DF OF
1 Radko Gudas Will Butcher 60 1 2 2
2 PK Subban Robert Hagg 40 1 2 2
Penalty Kill - 3 Players Forward
Forward Time % Phy DF OF
1 Derek Stepan 60 1 2 2
2 Erik Haula 40 1 2 2
Penalty Kill - 3 Players Defense
Defense Defense Time % Phy DF OF
1 Radko Gudas Will Butcher 60 1 2 2
2 PK Subban Robert Hagg 40 1 2 2
4 vs 4 Forward
Center Wing Time % Phy DF OF
1 Derek Stepan Mikko Rantanen 60 1 2 2
2 Erik Haula Adrian Kempe 40 1 2 2
4 vs 4 Defense
Defense Defense Time % Phy DF OF
1 Radko Gudas Will Butcher 60 1 2 2
2 PK Subban Robert Hagg 40 1 2 2
Last Minutes Offensive
Center Left Wing Right Wing Defense Defense
Derek Stepan Antoine Roussel Mikko Rantanen Radko Gudas Will Butcher
Last Minutes Defensive
Center Left Wing Right Wing Defense Defense
Derek Stepan Antoine Roussel Mike Amadio Radko Gudas Will Butcher
Goaltenders
Starting : Cam Ward
Backup : Ilya Samsonov
Extra Forwards
Normal : Jakob Silfverberg, Antoine Roussel, Adrian Kempe - PP : Mikko Rantanen, Antoine Roussel - PK : Mike Amadio
Extra Defensemen
Normal : Will Butcher, PK Subban, Jakob Chychrun - PP : Will Butcher - PK : Radko Gudas, PK Subban
Penalty Shots
Jakob Silfverberg, Mikko Rantanen, Antoine Roussel, Derek Stepan, Erik Haula
Custom OT Lines Forwards
Jakob Silfverberg, Mikko Rantanen, Antoine Roussel, Derek Stepan, Erik Haula, Mike Amadio, Adrian Kempe, Timo Meier, William Karlsson, Joe Pavelski
Custom OT Lines Defensemen
Radko Gudas, Will Butcher, PK Subban, Jakob Chychrun, Robert Hagg
Scratches
Dalton Prout (Healthy)
% Time on Ice - Oilers
Lines # - Real PCT - Wanted PCT - Time Play
Normal Forward
1 - 33% - 35% - 16:22
2 - 26% - 30% - 12:57
3 - 27% - 25% - 13:11
4 - 14% - 10% - 6:38
Normal Defense
1 - 39% - 40% - 19:07
2 - 34% - 30% - 16:42
3 - 23% - 20% - 11:13
4 - 4% - 10% - 2:06
PP Forward
1 - 66% - 60% - 1:47
2 - 34% - 40% - 0:54
PP Defense
1 - 54% - 60% - 1:27
2 - 46% - 40% - 1:14
PK Forward
1 - 78% - 60% - 6:22
2 - 22% - 40% - 1:49
PK Defense
1 - 66% - 60% - 5:24
2 - 34% - 40% - 2:47
PK3 Forward
1 - 0% - 60%
2 - 0% - 40%
PK3 Defense
1 - 0% - 60%
2 - 0% - 40%
44 Forward
1 - 0% - 60%
2 - 0% - 40%
44 Defense
1 - 0% - 60%
2 - 0% - 40%
Last Minute Offensive - 0:00
Last Minute Defensive - 0:00
Total
Forward - 60:00
Defense - 60:00
|
% Time on Ice - Blackhawks
Lines # - Real PCT - Wanted PCT - Time Play
Normal Forward
1 - 32% - 40% - 15:44
2 - 33% - 30% - 16:11
3 - 22% - 20% - 10:56
4 - 13% - 10% - 6:17
Normal Defense
1 - 43% - 40% - 21:17
2 - 29% - 30% - 14:26
3 - 24% - 20% - 11:40
4 - 4% - 10% - 1:45
PP Forward
1 - 54% - 60% - 4:24
2 - 46% - 40% - 3:47
PP Defense
1 - 52% - 60% - 4:15
2 - 48% - 40% - 3:56
PK Forward
1 - 88% - 60% - 2:21
2 - 12% - 40% - 0:20
PK Defense
1 - 71% - 60% - 1:55
2 - 29% - 40% - 0:46
PK3 Forward
1 - 0% - 60%
2 - 0% - 40%
PK3 Defense
1 - 0% - 60%
2 - 0% - 40%
44 Forward
1 - 0% - 60%
2 - 0% - 40%
44 Defense
1 - 0% - 60%
2 - 0% - 40%
Last Minute Offensive - 0:00
Last Minute Defensive - 0:00
Total
Forward - 60:00
Defense - 60:00
|
Play-by-Play
1st period
0:01 of 1st period - Derek Stepan wins face-off versus Tyler Johnson in neutral zone.
1:34 of 1st period - Darnell Nurse is hit by Joe Pavelski and loses puck.
1:56 of 1st period - Off-side.
1:57 of 1st period - Connor McDavid wins face-off versus Derek Stepan in neutral zone.
3:17 of 1st period - Snap shot by Stefan Matteau.
3:17 of 1st period - Shot Misses the Net.
3:31 of 1st period - Snap shot by Derek Stepan.
3:31 of 1st period - Shot Misses the Net.
3:39 of 1st period - Slapshot by Mitch Marner.
3:39 of 1st period - Shot Misses the Net.
4:03 of 1st period - Wrist shot by Adrian Kempe.
4:03 of 1st period - Stopped by Carter Hart without a rebound.
4:04 of 1st period - Tyler Johnson wins face-off versus William Karlsson in Oilers zone.
4:25 of 1st period - Will Butcher is hit by Leon Draisaitl and loses puck.
4:34 of 1st period - Adam Gaudette is hit by Jakob Chychrun and loses puck.
5:05 of 1st period - Wrist shot by William Karlsson.
5:05 of 1st period - Shot Misses the Net.
5:07 of 1st period - Slapshot by Will Butcher.
5:07 of 1st period - Shot Misses the Net.
5:47 of 1st period - Wrist shot by Mike Amadio.
5:47 of 1st period - Stopped by Carter Hart with a rebound.
5:49 of 1st period - Slapshot by William Karlsson.
5:49 of 1st period - Deflect By Timo Meier.
5:49 of 1st period - Shot Misses the Net.
5:49 of 1st period - Puck is out of play.
5:50 of 1st period - Frederik Gauthier wins face-off versus Derek Stepan in Oilers zone.
6:46 of 1st period - Snap shot by Christian Fischer.
6:46 of 1st period - Stopped by Cam Ward without a rebound.
6:47 of 1st period - Noel Acciari wins face-off versus Derek Stepan in Blackhawks zone.
7:25 of 1st period - Joe Pavelski is hit by Jason Robertson and loses puck.
8:33 of 1st period - Wrist shot by Mitch Marner.
8:33 of 1st period - Shot Misses the Net.
8:35 of 1st period - Slapshot by Jamie McBain.
8:35 of 1st period - Shot Misses the Net.
8:37 of 1st period - Slapshot by Jamie McBain.
8:37 of 1st period - Deflect By Jamie Benn.
8:37 of 1st period - Stopped by Cam Ward with a rebound.
8:49 of 1st period - Tyler Johnson is hit by Jakob Silfverberg and loses puck.
9:27 of 1st period - Jamie Benn is hit by Mikko Rantanen and loses puck.
9:51 of 1st period - Slapshot by Derek Stepan.
9:51 of 1st period - Shot Blocked by Brett Lernout.
10:55 of 1st period - Icing by Darnell Nurse.
10:56 of 1st period - Tyler Johnson wins face-off versus Derek Stepan in Oilers zone.
11:07 of 1st period - Connor McDavid is hit by Adrian Kempe and loses puck.
11:44 of 1st period - Slapshot by Adrian Kempe.
11:44 of 1st period - Stopped by Carter Hart with a rebound.
11:46 of 1st period - Wrist shot by Erik Haula.
11:46 of 1st period - Stopped by Carter Hart with a rebound.
11:58 of 1st period - Backhand shot by Erik Haula.
11:58 of 1st period - Stopped by Carter Hart without a rebound.
11:59 of 1st period - Derek Stepan wins face-off versus Connor McDavid in Oilers zone.
12:45 of 1st period - Minor Penalty to Leon Draisaitl for Diving.
12:46 of 1st period - Tyler Johnson wins face-off versus Mikko Rantanen in Oilers zone.
14:45 of 1st period - Penalty to Leon Draisaitl is over, Leon Draisaitl is back on ice.
15:13 of 1st period - Marcus Pettersson is hit by PK Subban and loses puck.
15:28 of 1st period - Andrew Ladd is hit by Greg Stewart and loses puck.
17:27 of 1st period - Minor Penalty to Adrian Kempe for Tripping.
17:28 of 1st period - Connor McDavid wins face-off versus Erik Haula in Blackhawks zone.
17:58 of 1st period - Slapshot by Brent Burns.
17:58 of 1st period - Stopped by Cam Ward without a rebound.
17:59 of 1st period - Erik Haula wins face-off versus Connor McDavid in Blackhawks zone.
18:44 of 1st period - Robert Hagg is hit by Jamie McBain.
19:27 of 1st period - Penalty to Adrian Kempe is over, Adrian Kempe is back on ice.
19:53 of 1st period - Snap shot by Will Butcher.
19:53 of 1st period - Stopped by Carter Hart with a rebound.
Goals for this period are 0 for Oilers vs 0 for Blackhawks.
Shots for this period are 3 for Oilers vs 6 for Blackhawks.
2nd period
0:01 of 2nd period - Connor McDavid wins face-off versus Derek Stepan in neutral zone.
0:58 of 2nd period - Snap shot by Timo Meier.
0:58 of 2nd period - Stopped by Carter Hart without a rebound.
0:59 of 2nd period - Derek Stepan wins face-off versus Connor McDavid in Oilers zone.
1:00 of 2nd period - Slapshot by Thomas Chabot.
1:00 of 2nd period - Stopped by Carter Hart with a rebound.
1:02 of 2nd period - Snap shot by Derek Stepan.
1:02 of 2nd period - Shot Hit the Post.
1:31 of 2nd period - Snap shot by Greg Stewart.
1:31 of 2nd period - Stopped by Cam Ward with a rebound.
1:33 of 2nd period - Slapshot by Jamie McBain.
1:33 of 2nd period - Deflect By Frederik Gauthier.
1:33 of 2nd period - Shot Misses the Net.
1:33 of 2nd period - Puck is out of play.
1:34 of 2nd period - Erik Haula wins face-off versus Tyler Johnson in Blackhawks zone.
1:45 of 2nd period - Snap shot by Adrian Kempe.
1:45 of 2nd period - Shot Misses the Net.
2:03 of 2nd period - Snap shot by PK Subban.
2:03 of 2nd period - Stopped by Carter Hart with a rebound.
2:05 of 2nd period - Slapshot by PK Subban.
2:05 of 2nd period - Deflect By Timo Meier.
2:05 of 2nd period - Shot Misses the Net.
2:05 of 2nd period - Puck is out of play.
2:06 of 2nd period - Connor McDavid wins face-off versus William Karlsson in Oilers zone.
2:12 of 2nd period - Minor Penalty to Jakob Chychrun for High sticking.
2:13 of 2nd period - Erik Haula wins face-off versus Connor McDavid in Blackhawks zone.
2:23 of 2nd period - Off-side.
2:24 of 2nd period - Erik Haula wins face-off versus Connor McDavid in neutral zone.
2:32 of 2nd period - Wrist shot by Marcus Pettersson.
2:32 of 2nd period - Shot Blocked by Will Butcher.
2:34 of 2nd period - Slapshot by Marcus Pettersson.
2:34 of 2nd period - Shot Blocked by Will Butcher.
2:36 of 2nd period - Snap shot by Connor McDavid.
2:36 of 2nd period - Goal by Connor McDavid - Oilers : 1 - Blackhawks : 0.
2:37 of 2nd period - Tyler Johnson wins face-off versus Derek Stepan in neutral zone.
3:33 of 2nd period - Snap shot by Andrew Ladd.
3:33 of 2nd period - Shot Misses the Net.
3:42 of 2nd period - Minor Penalty to Greg Stewart for Tripping.
3:43 of 2nd period - Tyler Johnson wins face-off versus Mikko Rantanen in Oilers zone.
3:43 of 2nd period - Tyler Johnson is hit by Mikko Rantanen.
3:48 of 2nd period - Backhand shot by Mikko Rantanen.
3:48 of 2nd period - Shot Misses the Net.
3:58 of 2nd period - Wrist shot by Antoine Roussel.
3:58 of 2nd period - Stopped by Carter Hart without a rebound.
3:59 of 2nd period - Tyler Johnson wins face-off versus Derek Stepan in Oilers zone.
4:16 of 2nd period - Jamie McBain is hit by Antoine Roussel and loses puck.
4:27 of 2nd period - Tyler Johnson is hit by Antoine Roussel.
5:35 of 2nd period - Derek Stepan is hit by Tyler Johnson and loses puck.
5:42 of 2nd period - Penalty to Greg Stewart is over, Greg Stewart is back on ice.
5:54 of 2nd period - Wrist shot by Greg Stewart.
5:54 of 2nd period - Stopped by Cam Ward with a rebound.
5:59 of 2nd period - Minor Penalty to Brett Lernout for Holding.
6:00 of 2nd period - Tyler Johnson wins face-off versus Erik Haula in Oilers zone.
6:06 of 2nd period - Snap shot by Adrian Kempe.
6:06 of 2nd period - Shot Blocked by Darnell Nurse.
6:08 of 2nd period - Slapshot by Jakob Chychrun.
6:08 of 2nd period - Shot Misses the Net.
7:59 of 2nd period - Penalty to Brett Lernout is over, Brett Lernout is back on ice.
8:03 of 2nd period - Marcus Pettersson is hit by Jakob Chychrun and loses puck.
8:40 of 2nd period - Slapshot by Marcus Pettersson.
8:40 of 2nd period - Shot Misses the Net.
9:04 of 2nd period - Timo Meier is hit by Christian Fischer and loses puck.
9:09 of 2nd period - Slapshot by Darnell Nurse.
9:09 of 2nd period - Shot Misses the Net.
9:48 of 2nd period - Will Butcher is hit by Jamie McBain and loses puck.
10:03 of 2nd period - Jamie McBain is hit by Mikko Rantanen and loses puck.
10:18 of 2nd period - William Karlsson is hit by Connor McDavid and loses puck.
10:52 of 2nd period - Antoine Roussel is hit by Marcus Pettersson and loses puck.
11:06 of 2nd period - Christian Fischer is hit by Radko Gudas and loses puck.
11:19 of 2nd period - Brent Seabrook is hit by Erik Haula and loses puck.
11:24 of 2nd period - Wrist shot by Erik Haula.
11:24 of 2nd period - Stopped by Carter Hart with a rebound.
11:26 of 2nd period - Slapshot by Robert Hagg.
11:26 of 2nd period - Stopped by Carter Hart without a rebound.
11:27 of 2nd period - Erik Haula wins face-off versus Connor McDavid in Oilers zone.
12:18 of 2nd period - Icing by Adam Gaudette.
12:19 of 2nd period - Derek Stepan wins face-off versus Tyler Johnson in Oilers zone.
12:22 of 2nd period - Snap shot by Derek Stepan.
12:22 of 2nd period - Deflect By Mikko Rantanen.
12:22 of 2nd period - Shot Misses the Net.
12:22 of 2nd period - Puck is out of play.
12:23 of 2nd period - Connor McDavid wins face-off versus Mikko Rantanen in Oilers zone.
12:46 of 2nd period - Minor Penalty to Thomas Chabot for Tripping.
12:47 of 2nd period - Connor McDavid wins face-off versus Erik Haula in Blackhawks zone.
13:04 of 2nd period - Wrist shot by Mitch Marner.
13:04 of 2nd period - Goal by Mitch Marner - Oilers : 2 - Blackhawks : 0.
13:05 of 2nd period - Tyler Johnson wins face-off versus Derek Stepan in neutral zone.
13:16 of 2nd period - Wrist shot by Leon Draisaitl.
13:16 of 2nd period - Shot Blocked by Jakob Chychrun.
13:18 of 2nd period - Snap shot by Tyler Johnson.
13:18 of 2nd period - Stopped by Cam Ward without a rebound.
13:19 of 2nd period - Connor McDavid wins face-off versus Derek Stepan in Blackhawks zone.
13:45 of 2nd period - Icing by Will Butcher.
13:46 of 2nd period - Erik Haula wins face-off versus Tyler Johnson in Blackhawks zone.
13:46 of 2nd period - Erik Haula is hit by Adam Gaudette.
14:20 of 2nd period - Slapshot by Marcus Pettersson.
14:20 of 2nd period - Stopped by Cam Ward with a rebound.
14:38 of 2nd period - Wrist shot by Christian Fischer.
14:38 of 2nd period - Stopped by Cam Ward without a rebound.
14:39 of 2nd period - Noel Acciari wins face-off versus William Karlsson in Blackhawks zone.
14:47 of 2nd period - Minor Penalty to Jamie McBain for Holding.
14:48 of 2nd period - Tyler Johnson wins face-off versus Derek Stepan in Oilers zone.
16:29 of 2nd period - Erik Haula is hit by Brent Seabrook and loses puck.
16:47 of 2nd period - Penalty to Jamie McBain is over, Jamie McBain is back on ice.
16:54 of 2nd period - Brent Seabrook is hit by Andrew Ladd and loses puck.
17:03 of 2nd period - Wrist shot by Leon Draisaitl.
17:03 of 2nd period - Stopped by Cam Ward without a rebound.
17:04 of 2nd period - Connor McDavid wins face-off versus Mike Amadio in Blackhawks zone.
17:05 of 2nd period - Snap shot by Mitch Marner.
17:05 of 2nd period - Stopped by Cam Ward with a rebound.
17:07 of 2nd period - Backhand shot by Connor McDavid.
17:07 of 2nd period - Shot Misses the Net.
17:09 of 2nd period - Wrist shot by Jamie Benn.
17:09 of 2nd period - Deflect By Connor McDavid.
17:09 of 2nd period - Shot Misses the Net.
17:09 of 2nd period - Puck is out of play.
17:10 of 2nd period - Connor McDavid wins face-off versus William Karlsson in Blackhawks zone.
17:43 of 2nd period - Wrist shot by Antoine Roussel.
17:43 of 2nd period - Shot Blocked by Leon Draisaitl.
17:45 of 2nd period - Slapshot by Robert Hagg.
17:45 of 2nd period - Deflect By Leon Draisaitl.
17:45 of 2nd period - Stopped by Carter Hart with a rebound.
18:23 of 2nd period - Snap shot by Noel Acciari.
18:23 of 2nd period - Shot Misses the Net.
18:53 of 2nd period - Thomas Chabot is hit by Jamie Benn and loses puck.
19:01 of 2nd period - Icing by William Karlsson.
19:02 of 2nd period - Tyler Johnson wins face-off versus William Karlsson in Blackhawks zone.
Goals for this period are 2 for Oilers vs 0 for Blackhawks.
Shots for this period are 9 for Oilers vs 7 for Blackhawks.
3rd period
0:01 of 3rd period - Derek Stepan wins face-off versus Tyler Johnson in neutral zone.
0:14 of 3rd period - Slapshot by Leon Draisaitl.
0:14 of 3rd period - Stopped by Cam Ward with a rebound.
0:16 of 3rd period - Backhand shot by Adam Gaudette.
0:16 of 3rd period - Shot Blocked by Derek Stepan.
1:03 of 3rd period - Snap shot by William Karlsson.
1:03 of 3rd period - Stopped by Carter Hart with a rebound.
2:06 of 3rd period - Snap shot by Adam Gaudette.
2:06 of 3rd period - Stopped by Cam Ward with a rebound.
3:04 of 3rd period - Marcus Pettersson is hit by Joe Pavelski and loses puck.
3:39 of 3rd period - Wrist shot by Mitch Marner.
3:39 of 3rd period - Stopped by Cam Ward without a rebound.
3:40 of 3rd period - Derek Stepan wins face-off versus Noel Acciari in Blackhawks zone.
3:40 of 3rd period - Derek Stepan is hit by Darnell Nurse.
3:46 of 3rd period - Slapshot by Jakob Chychrun.
3:46 of 3rd period - Shot Blocked by Marcus Pettersson.
3:48 of 3rd period - Wrist shot by Antoine Roussel.
3:48 of 3rd period - Stopped by Carter Hart without a rebound.
3:49 of 3rd period - Derek Stepan wins face-off versus Noel Acciari in Oilers zone.
3:50 of 3rd period - Wrist shot by Mikko Rantanen.
3:50 of 3rd period - Shot Blocked by Christian Fischer.
3:54 of 3rd period - Slapshot by Antoine Roussel.
3:54 of 3rd period - Shot Misses the Net.
3:56 of 3rd period - Snap shot by Derek Stepan.
3:56 of 3rd period - Stopped by Carter Hart with a rebound.
3:58 of 3rd period - Snap shot by Antoine Roussel.
3:58 of 3rd period - Shot Misses the Net.
4:00 of 3rd period - Wrist shot by Derek Stepan.
4:00 of 3rd period - Shot Blocked by Marcus Pettersson.
4:02 of 3rd period - Slapshot by Derek Stepan.
4:02 of 3rd period - Stopped by Carter Hart without a rebound.
4:03 of 3rd period - Tyler Johnson wins face-off versus Derek Stepan in Oilers zone.
4:03 of 3rd period - Tyler Johnson is hit by Will Butcher.
4:17 of 3rd period - Snap shot by Derek Stepan.
4:17 of 3rd period - Shot Blocked by Adam Gaudette.
4:19 of 3rd period - Wrist shot by Derek Stepan.
4:19 of 3rd period - Stopped by Carter Hart with a rebound.
4:38 of 3rd period - Snap shot by Mitch Marner.
4:38 of 3rd period - Stopped by Cam Ward with a rebound.
4:40 of 3rd period - Slapshot by Brent Seabrook.
4:40 of 3rd period - Deflect By Connor McDavid.
4:40 of 3rd period - Shot Misses the Net.
4:40 of 3rd period - Puck is out of play.
4:41 of 3rd period - Greg Stewart wins face-off versus Derek Stepan in Blackhawks zone.
5:35 of 3rd period - Slapshot by Darnell Nurse.
5:35 of 3rd period - Deflect By Adam Gaudette.
5:35 of 3rd period - Shot Misses the Net.
5:35 of 3rd period - Puck is out of play.
5:36 of 3rd period - Derek Stepan wins face-off versus Connor McDavid in Blackhawks zone.
5:36 of 3rd period - Derek Stepan is hit by Mitch Marner.
6:28 of 3rd period - Brent Burns is hit by Andrew Ladd and loses puck.
6:51 of 3rd period - Slapshot by Tyler Johnson.
6:51 of 3rd period - Stopped by Cam Ward with a rebound.
6:53 of 3rd period - Slapshot by Brent Burns.
6:53 of 3rd period - Shot Misses the Net.
6:55 of 3rd period - Wrist shot by Tyler Johnson.
6:55 of 3rd period - Goal by Tyler Johnson - Oilers : 3 - Blackhawks : 0.
6:56 of 3rd period - Derek Stepan wins face-off versus Tyler Johnson in neutral zone.
7:04 of 3rd period - Snap shot by Tyler Johnson.
7:04 of 3rd period - Shot Blocked by Thomas Chabot.
7:06 of 3rd period - Slapshot by Brent Seabrook.
7:06 of 3rd period - Shot Blocked by Mikko Rantanen.
7:08 of 3rd period - Slapshot by Brent Seabrook.
7:08 of 3rd period - Shot Misses the Net.
7:10 of 3rd period - Snap shot by Adam Gaudette.
7:10 of 3rd period - Shot Blocked by Thomas Chabot.
7:12 of 3rd period - Snap shot by Tyler Johnson.
7:12 of 3rd period - Deflect By Leon Draisaitl.
7:12 of 3rd period - Shot Blocked by Radko Gudas.
7:12 of 3rd period - Puck is out of play.
7:13 of 3rd period - Erik Haula wins face-off versus Connor McDavid in Blackhawks zone.
7:20 of 3rd period - Snap shot by Jakob Silfverberg.
7:20 of 3rd period - Shot Misses the Net.
8:14 of 3rd period - Wrist shot by Marcus Pettersson.
8:14 of 3rd period - Stopped by Cam Ward with a rebound.
8:26 of 3rd period - Wrist shot by Christian Fischer.
8:26 of 3rd period - Stopped by Cam Ward with a rebound.
8:28 of 3rd period - Snap shot by Jason Robertson.
8:28 of 3rd period - Shot Blocked by Andrew Ladd.
8:30 of 3rd period - Slapshot by Christian Fischer.
8:30 of 3rd period - Stopped by Cam Ward with a rebound.
9:58 of 3rd period - Slapshot by Will Butcher.
9:58 of 3rd period - Stopped by Carter Hart with a rebound.
10:00 of 3rd period - Snap shot by Adrian Kempe.
10:00 of 3rd period - Stopped by Carter Hart without a rebound.
10:01 of 3rd period - Tyler Johnson wins face-off versus Erik Haula in Oilers zone.
10:26 of 3rd period - Snap shot by Adrian Kempe.
10:26 of 3rd period - Stopped by Carter Hart with a rebound.
10:28 of 3rd period - Wrist shot by Jakob Silfverberg.
10:28 of 3rd period - Shot Misses the Net.
10:30 of 3rd period - Slapshot by Radko Gudas.
10:30 of 3rd period - Shot Blocked by Mitch Marner.
10:34 of 3rd period - Wrist shot by Adrian Kempe.
10:34 of 3rd period - Stopped by Carter Hart with a rebound.
10:36 of 3rd period - Snap shot by Radko Gudas.
10:36 of 3rd period - Shot Misses the Net.
10:38 of 3rd period - Slapshot by Thomas Chabot.
10:38 of 3rd period - Shot Misses the Net.
10:40 of 3rd period - Snap shot by Jakob Silfverberg.
10:40 of 3rd period - Shot Blocked by Jamie McBain.
11:04 of 3rd period - Will Butcher is hit by Jamie McBain and loses puck.
11:13 of 3rd period - Brent Seabrook is hit by Adrian Kempe and loses puck.
11:32 of 3rd period - Snap shot by Adrian Kempe.
11:32 of 3rd period - Goal by Adrian Kempe - Oilers : 3 - Blackhawks : 1.
11:33 of 3rd period - Tyler Johnson wins face-off versus Derek Stepan in neutral zone.
11:48 of 3rd period - Wrist shot by Derek Stepan.
11:48 of 3rd period - Shot Hit the Post.
11:50 of 3rd period - Slapshot by Jakob Chychrun.
11:50 of 3rd period - Stopped by Carter Hart with a rebound.
12:04 of 3rd period - Wrist shot by Darnell Nurse.
12:04 of 3rd period - Shot Misses the Net.
13:42 of 3rd period - Wrist shot by Tyler Johnson.
13:42 of 3rd period - Shot Misses the Net.
13:44 of 3rd period - Slapshot by Jamie McBain.
13:44 of 3rd period - Goal by Jamie McBain - Oilers : 4 - Blackhawks : 1.
13:45 of 3rd period - Tyler Johnson wins face-off versus Derek Stepan in neutral zone.
13:48 of 3rd period - Snap shot by Tyler Johnson.
13:48 of 3rd period - Shot Misses the Net.
13:50 of 3rd period - Wrist shot by Tyler Johnson.
13:50 of 3rd period - Deflect By Leon Draisaitl.
13:50 of 3rd period - Stopped by Cam Ward with a rebound.
13:52 of 3rd period - Snap shot by Adam Gaudette.
13:52 of 3rd period - Stopped by Cam Ward without a rebound.
13:53 of 3rd period - Mikko Rantanen wins face-off versus Tyler Johnson in Blackhawks zone.
14:02 of 3rd period - Wrist shot by Tyler Johnson.
14:02 of 3rd period - Stopped by Cam Ward with a rebound.
14:04 of 3rd period - Backhand shot by Jamie McBain.
14:04 of 3rd period - Deflect By Adam Gaudette.
14:04 of 3rd period - Stopped by Cam Ward with a rebound.
14:58 of 3rd period - Wrist shot by Mikko Rantanen.
14:58 of 3rd period - Stopped by Carter Hart without a rebound.
14:59 of 3rd period - Erik Haula wins face-off versus Connor McDavid in Oilers zone.
15:07 of 3rd period - Minor Penalty to Darnell Nurse for High sticking.
15:08 of 3rd period - Adrian Kempe wins face-off versus Tyler Johnson in Oilers zone.
15:22 of 3rd period - Slapshot by Jakob Silfverberg.
15:22 of 3rd period - Deflect By Erik Haula.
15:22 of 3rd period - Goal by Erik Haula - Oilers : 4 - Blackhawks : 2.
15:23 of 3rd period - Frederik Gauthier wins face-off versus Derek Stepan in neutral zone.
15:26 of 3rd period - Mikko Rantanen is hit by Greg Stewart and loses puck.
15:33 of 3rd period - Slapshot by Mikko Rantanen.
15:33 of 3rd period - Stopped by Carter Hart with a rebound.
16:23 of 3rd period - Snap shot by Connor McDavid.
16:23 of 3rd period - Shot Hit the Post.
16:25 of 3rd period - Wrist shot by Jamie McBain.
16:25 of 3rd period - Deflect By Erik Haula.
16:25 of 3rd period - Stopped by Cam Ward without a rebound.
16:26 of 3rd period - Derek Stepan wins face-off versus Frederik Gauthier in Blackhawks zone.
16:41 of 3rd period - Antoine Roussel is hit by Greg Stewart and loses puck.
16:48 of 3rd period - Andrew Mangiapane is hit by Jakob Chychrun and loses puck.
17:41 of 3rd period - Snap shot by Marcus Pettersson.
17:41 of 3rd period - Deflect By Adrian Kempe.
17:41 of 3rd period - Stopped by Cam Ward with a rebound.
18:03 of 3rd period - Slapshot by Adrian Kempe.
18:03 of 3rd period - Shot Misses the Net.
18:07 of 3rd period - Wrist shot by Adrian Kempe.
18:07 of 3rd period - Shot Misses the Net.
18:09 of 3rd period - Snap shot by Erik Haula.
18:09 of 3rd period - Shot Misses the Net.
18:11 of 3rd period - Slapshot by Adrian Kempe.
18:11 of 3rd period - Stopped by Carter Hart with a rebound.
18:29 of 3rd period - Snap shot by Frederik Gauthier.
18:29 of 3rd period - Shot Misses the Net.
18:54 of 3rd period - Snap shot by Adrian Kempe.
18:54 of 3rd period - Shot Misses the Net.
19:06 of 3rd period - Snap shot by Erik Haula.
19:06 of 3rd period - Deflect By Adrian Kempe.
19:06 of 3rd period - Shot Misses the Net.
19:06 of 3rd period - Puck is out of play.
19:07 of 3rd period - Antoine Roussel wins face-off versus Tyler Johnson in Oilers zone.
19:40 of 3rd period - Tyler Johnson is hit by Joe Pavelski and loses puck.
Goals for this period are 2 for Oilers vs 2 for Blackhawks.
Shots for this period are 16 for Oilers vs 15 for Blackhawks.